Map: King's Cove LE

Players

wootwoot - Winner!

  • Race: Protoss Protoss
  • League: Diamond
  • Spawn Location: 5:00

SpiderDonuts

  • Race: Protoss Protoss
  • League: Diamond
  • Spawn Location: 11:00

VOD

Have the link to the VOD?

Description

Time

  • Played on: April 23, 2025, 5:33 a.m.
  • Length: 3:07
Show
View Real Time Build Order
Export as new Build Order

wootwoot Protoss - Winner!

Build Orders:  

Get SALT Encoding   

  12  0:01  Probe  
  13  0:13  Probe  
  14  0:18  Pylon  
  14  0:25  Probe  
  15  0:38  Gateway  
  15  0:42  Assimilator  
  15  0:50  Pylon  
  15  1:08  Gateway  
  15  1:15  Gateway  
  15  1:29  Cybernetics Core  
  15  1:34  Probe  
  16  1:46  Probe  
  17  1:54  Stalker x2  
  21  2:20  Stalker x2  
  25  2:47  Pylon  
Show
View Real Time Build Order
Export as new Build Order

SpiderDonuts Protoss 

Build Orders: 1 Gate Expand 

Get SALT Encoding   

  12  0:00  Probe  
  13  0:13  Probe  
  14  0:19  Pylon  
  14  0:22  Probe  
  15  0:33  Probe  
  15  0:42  Gateway  
  16  0:44  Probe  
  16  0:47  Assimilator  
  17  0:56  Probe  
  18  1:06  Probe  
  19  1:14  Probe  
  19  1:24  Probe  
  21  1:34  Nexus  
  21  1:39  Cybernetics Core  
  21  1:45  Probe  
  22  1:54  Gateway  
  22  2:06  Pylon  
  22  2:10  Assimilator  
  22  2:21  Shield Battery  
  22  2:22  Stalker  
  22  2:29  Shield Battery  
Tags
 
Matchup
PvP
Replay Pack
#1B2M-Replays
Spawn Locations
Cross Positions
Add a new tag
Caveats
  • Supply blocks, unpowered buildings, or Contaminate may cause inaccurate times.
  • Supply counts are checked every 10 seconds.